[Event "Karel Janecek Open 2024"]
[Site "Prague"]
[Date "2024.02.28"]
[Round "1.11"]
[White "Kraus, Tomas"]
[Black "Hanak, Tomas"]
[Result "1-0"]
[ECO "A04"]
[WhiteElo "2484"]
[BlackElo "1969"]
[Annotator "TA"]
[PlyCount "117"]
[EventDate "2024.02.22"]
[EventType "swiss"]
[EventCountry "CZE"]
[SourceTitle "playchess.com"]
[Source "ChessBase"]
[SourceQuality "1"]
[TimeControl "40/5400+30:1800+30"]

1. Nf3 e6 2. g3 f5 3. Bg2 Nf6 4. O-O d5 5. d3 Be7 6. Nbd2 b6 {[%emt 0:14:51] [#]} (6... Nc6 $11) 7. e4 $1 $16 O-O (7... fxe4 8. dxe4) 8. Re1 Bb7 (8... dxe4 $14 9. dxe4 f4) 9. exf5 $18 exf5 10. Qe2 (10. Nd4 $18) 10... Bd6 11. Qe6+ Kh8 12. Ng5 {[%emt 0:00:52] Nf7+ would now be deadly. White is much more active. The black rooks are passive.} Nbd7 $2 {[%emt 0:10:54] [#]} (12... Qd7 $16 13. Ndf3 Bc8) 13. Ndf3 $1 (13. Qxf5 Bc8 $16) (13. Nf7+ Rxf7 14. Qxf7 Ne5 15. Rxe5 (15. Qe6 Bc8 $15) 15... Bxe5 $16) 13... Qe8 14. Qxf5 Qh5 15. Qh3 h6 16. Qxh5 Nxh5 17. Ne6 Rf7 18. Bd2 Nf8 19. Ne5 Bxe5 20. Rxe5 Nxe6 21. Rxe6 (21. Rxh5 Nd4 22. Rh4 (22. Bxd5 Bxd5 23. Rxd5 Nf3+ 24. Kg2 Nxd2 $17) 22... c5 $16) 21... Raf8 22. f4 Nf6 23. Rae1 c5 24. Re7 Ng8 25. Rxf7 Rxf7 26. Re8 d4 27. Bxb7 Rxb7 {[%emt 0:00:05][%mdl 4096] Endgame. KRB-KRN} 28. Kf2 Kh7 29. Kf3 Nf6 30. Re5 Rd7 31. g4 Nd5 32. a3 Kg8 33. h4 Kf7 34. f5 Rd6 35. g5 hxg5 36. hxg5 g6 37. f6 Rd7 38. Ke4 Nc7 39. b3 Kf8 40. Bf4 {[%emt 0:01:22][%cal Oe5e7] Black must now prevent Re7!} (40. b4 cxb4 41. axb4 Kf7 $16) 40... Kf7 41. a4 {[%emt 0:08:50] Prevents Nb5.} Na6 42. Bd2 Nc7 43. Kf3 Ne6 44. Kg4 Rd8 45. Bf4 Rd7 46. Bd2 Rd8 47. b4 Rc8 (47... cxb4 {might work better.} 48. a5 (48. Bxb4 Rh8 $16) 48... Rc8 49. axb6 (49. Bxb4 Rxc2 50. Rd5 Rc7 $18) 49... axb6) 48. b5 Rd8 49. Bf4 Rd7 50. Bh2 Rd8 51. Bg3 Rd7 52. Kf3 {[%emt 0:00:12] Strongly threatening Ke4.} Rd8 (52... c4 {was worth a try.} 53. dxc4 d3 54. cxd3 Rxd3+ 55. Kg2 Rd2+ 56. Bf2 Rc2) 53. Ke4 {[%emt 0:00:01] White is clearly winning.} Rd7 54. Rd5 Rxd5 55. Kxd5 Nxg5 56. Bb8 Nf3 57. Bxa7 g5 58. Bxb6 g4 59. Bc7 {[%emt 0:00:37] Weighted Error Value: White=0.23 (precise) /Black=0.40.  Loses game:     	---       	Black=1      Mistake:       	White=1     	Black=3      Inaccurate:     	---       	Black=2      OK:         	White=23    	Black=8      Best:        	White=1     	Black=1      Strong:       	White=1     	---} (59. Kxc5 $2 {perishes.} g3 60. a5 g2 $19 (60... Kxf6 $2 {is the wrong capture.} 61. a6 $18)) 1-0

[Event "Karel Janecek Open 2024"]
[Site "Prague"]
[Date "2024.02.28"]
[Round "1.12"]
[White "Sofronie, Vladimir"]
[Black "Maksimovic, Bojan"]
[Result "0-1"]
[ECO "A45"]
[WhiteElo "1927"]
[BlackElo "2497"]
[Annotator "RC"]
[PlyCount "182"]
[EventDate "2024.02.22"]
[EventType "swiss"]
[EventCountry "CZE"]
[SourceTitle "playchess.com"]
[Source "ChessBase"]
[SourceQuality "1"]
[TimeControl "40/5400+30:1800+30"]

1. d4 Nf6 2. Bf4 g6 3. Nc3 Nh5 4. Bg5 h6 5. Bh4 Bg7 6. e4 d6 7. Qd2 g5 8. Bg3 Nd7 9. Nf3 c5 10. d5 Qa5 11. Be2 Bxc3 12. bxc3 Ndf6 13. c4 Qxd2+ 14. Nxd2 Nxg3 15. hxg3 e5 16. f3 Ke7 17. Nf1 Bd7 18. Ne3 h5 19. Kf2 Rag8 20. Rab1 Bc8 21. Rh2 Rh7 22. Bd3 Kd8 23. Rhh1 Kc7 24. Rb2 Rgh8 25. Rbb1 Bd7 26. c3 Ng8 27. Rh2 Ne7 28. Rbh1 Ba4 29. Ke2 f6 30. Kd2 Be8 31. Be2 Bg6 32. Bd3 Rg8 33. Ke2 Rf8 34. Bc2 Be8 35. Bd3 Rfh8 36. Kd2 Bd7 37. Ke2 Kd8 38. Kf2 Bc8 39. Ke1 Ke8 40. Kf2 Kf7 41. Ke2 Kg7 42. Kf2 Ng6 43. Bc2 Kg8 44. Bd3 h4 45. Bc2 hxg3+ 46. Kxg3 Rh4 47. Nf1 Kg7 48. Kf2 Rxh2 49. Rxh2 g4 50. Rxh8 Nxh8 51. Ng3 gxf3 52. gxf3 Kh6 53. Ne2 Ng6 54. Ba4 Kg5 55. Kg3 f5 56. Bc2 fxe4 57. Bxe4 Nf4 58. Nxf4 exf4+ 59. Kf2 Bd7 60. Bc2 b5 61. Bd3 bxc4 62. Bxc4 Kf5 63. Ke2 Ke5 64. Bb3 Bf5 65. a3 Bg6 66. Kd2 Bf7 67. Kd3 Bxd5 68. Bd1 c4+ 69. Kd2 Be6 70. Ba4 d5 71. Bc6 Kd6 72. Ba4 Kc5 73. Bc2 Bf7 74. Bf5 Bh5 75. Ke2 d4 76. Be4 dxc3 77. Bf5 Kd4 78. Bc2 Be8 79. Kf2 Bd7 80. Ke2 Ke5 81. Ke1 Bf5 82. Ba4 Kd4 83. Kd1 Ke3 84. Bc6 Bd3 85. Bd5 Be2+ 86. Kc2 Bxf3 87. Bxc4 Kd4 88. Bf1 Be4+ 89. Kc1 f3 90. a4 f2 91. a5 Bd3 0-1

[Event "Karel Janecek Open 2024"]
[Site "Prague"]
[Date "2024.02.28"]
[Round "1.13"]
[White "Quintiliano, Renato R."]
[Black "Kurek, Pavel"]
[Result "1-0"]
[ECO "E61"]
[WhiteElo "2493"]
[BlackElo "1991"]
[Annotator "TA"]
[PlyCount "93"]
[EventDate "2024.02.22"]
[EventType "swiss"]
[EventCountry "CZE"]
[SourceTitle "playchess.com"]
[Source "ChessBase"]
[SourceQuality "1"]
[TimeControl "40/5400+30:1800+30"]

1. d4 Nf6 2. c4 d6 3. Nf3 g6 4. Nc3 Bg7 5. Bg5 O-O 6. e3 c5 7. d5 Bf5 8. Nd2 Bd7 (8... h6 $11 9. Bxf6 exf6 (9... Bxf6 10. Be2 $11)) 9. Be2 Na6 {[%emt 0:00:11] White is slightly better.} 10. O-O Nc7 11. e4 Re8 12. f4 {[%emt 0:10:24] e5 would now be deadly.} Qc8 13. h3 {[%emt 0:07:15] Dodges Ng4} (13. e5 {is more complex.} Ng4 14. e6 Ne3 15. exd7 Qxd7 16. Qb3) 13... h6 14. Bh4 Nh7 15. Nf3 Rb8 16. a4 a6 17. e5 b5 18. axb5 axb5 19. b3 {[%emt 0:00:28] White is more active.} bxc4 20. bxc4 g5 $2 21. Bg3 {[%emt 0:05:04] fxg5 is the strong threat.} Bxh3 22. fxg5 (22. gxh3 Qxh3 23. Kf2 Rb2 $18) 22... hxg5 23. gxh3 Qxh3 24. Kf2 (24. exd6 $2 Qxg3+ 25. Kh1 exd6 $19 (25... Bxc3 $2 26. Ra3 $19)) 24... dxe5 25. Qd3 $2 (25. Nxe5 Bxe5 26. Bxe5 Qf5+ 27. Kg2 Qxe5 $15) (25. Rh1 $18 {is the precise move to win.} Qg4 26. Qc2 (26. Bxe5 Bxe5 27. Nxe5 Qf4+ 28. Nf3 Nf6 $18)) 25... e4 $2 26. Nxe4 $18 (26. Qxe4 $2 Nf6 (26... Bxc3 $2 27. Qe3 $17) 27. Bxc7 Nxe4+ 28. Nxe4 Bd4+ (28... Bxa1 $2 29. Rxa1 g4 30. Rg1 $19) 29. Nxd4 cxd4 $19) 26... Bxa1 27. Rxa1 e5 28. Ra7 (28. Bxe5 Rxe5 29. Rg1 Ne8 $11 (29... Rf5 30. Ng3 $11)) 28... f5 29. Rxc7 (29. Nxc5 e4 30. Nxg5 Nxg5 $19) ({Stronger than} 29. Nfxg5 fxe4 30. Nxe4 (30. Nxh3 exd3 31. Bxd3 Rb2+ 32. Kf1 Rb3 $11) 30... Rf8+ 31. Kg1 Ng5 32. Rxc7 (32. Nxg5 $2 Rb1+ 33. Qxb1 Qxg3+ 34. Kh1 Qh4+ 35. Kg1 Qxg5+ 36. Kh1 Qh4+ 37. Kg1 Qg3+ 38. Kh1 Qh3+ 39. Kg1 Kh8 $19) 32... Nxe4 $11) 29... fxe4 30. Qxe4 Qh6 {[%emt 0:00:11] Prevents Qg6+.} 31. Bxe5 Nf6 32. Qf5 Rxe5 33. Nxe5 {[%emt 0:00:04][%cal Bf3e5,Be5d3,Bd3c1][%mdl 32] [#] Qe6+ would kill now.} Qh2+ 34. Ke1 Qg1+ 35. Bf1 Qe3+ 36. Kd1 Qd4+ 37. Nd3 {[%emt 0:00:20] [#] Threatening mate with Qg6+.} Qa1+ 38. Nc1 {[%emt 0:00:29] White wants to mate with Qg6+.} Qd4+ 39. Bd3 {[%emt 0:00:17] White threatens Qg6+ and mate.} Qg1+ 40. Qf1 Qg4+ 41. Qe2 Qg1+ 42. Kc2 {[%emt 0:00:07] Intending Qe6+ and mate.} Qd4 43. Qe6+ Kh8 44. Rc8+ Rxc8 45. Qxc8+ Kg7 46. Qf5 {[%emt 0:00:11][%cal Oc1e2] Hoping for Ne2!} g4 47. Nb3 {[%emt 0:01:12] Black did not feel at home in the position after the opening.   Weighted Error Value: White=0.54/Black=0.75.  Loses game:     	---       	Black=2      Missed win:     	White=1     	---        Mistake:       	---       	Black=1      Inaccurate:     	---       	Black=3      OK:         	White=8     	Black=4      Best:        	White=1     	---} 1-0

[Event "Karel Janecek Open 2024"]
[Site "Prague"]
[Date "2024.02.28"]
[Round "1.14"]
[White "Belenkaya, Dina"]
[Black "Gierhardt, Vito"]
[Result "1-0"]
[ECO "C47"]
[WhiteElo "2202"]
[BlackElo "1689"]
[Annotator "RC"]
[PlyCount "61"]
[EventDate "2024.02.22"]
[EventType "swiss"]
[EventCountry "CZE"]
[SourceTitle "playchess.com"]
[Source "ChessBase"]
[SourceQuality "1"]
[TimeControl "40/5400+30:1800+30"]

1. e4 e5 2. Nf3 Nc6 3. d4 exd4 4. Nxd4 Nf6 5. Nc3 Bb4 6. Nxc6 bxc6 7. Bd3 O-O 8. O-O Re8 9. Bg5 h6 10. Bh4 Be7 11. Bg3 Rb8 12. b3 Bb4 13. Na4 Nxe4 14. Bxe4 Rxe4 15. c4 Be7 16. Qd2 Bf6 17. Rad1 d6 18. Qa5 Re2 19. Rd2 Rxd2 20. Qxd2 c5 21. Qa5 Bd7 22. Re1 Bd4 23. h3 Rb4 24. Qxa7 Bc6 25. Re2 Qg5 26. Kh2 Be5 27. Qxc7 Bb7 28. Nb6 h5 29. Qxb7 Bxg3+ 30. fxg3 Qd8 31. Qc8 1-0

[Event "Karel Janecek Open 2024"]
[Site "Prague"]
[Date "2024.02.28"]
[Round "1.15"]
[White "Csonka, Balasz"]
[Black "Botez, Alexandra"]
[Result "1-0"]
[ECO "E90"]
[WhiteElo "2480"]
[BlackElo "1977"]
[Annotator "TA"]
[PlyCount "67"]
[EventDate "2024.02.22"]
[EventType "swiss"]
[EventCountry "CZE"]
[SourceTitle "playchess.com"]
[Source "ChessBase"]
[SourceQuality "1"]
[TimeControl "40/5400+30:1800+30"]

1. Nf3 Nf6 2. c4 d6 3. Nc3 g6 4. d4 Bg7 5. e4 O-O 6. h3 Nbd7 7. Be3 e5 8. d5 a5 9. g4 Nc5 10. Nd2 Ne8 11. h4 f5 12. exf5 ({Better is} 12. gxf5 $16 gxf5 13. h5) 12... gxf5 $14 13. g5 Nd7 {[%emt 0:08:57] [#]} (13... e4 $11 {remains equal.}) 14. f3 $1 $16 {[%emt 0:03:40][%cal Bf2f3,Bf3f4][%mdl 32] White is more active. White leaves nothing to chance now. White is better.} e4 {[%emt 0:03:52] [#] aiming for ...f4.} 15. f4 $1 ({Reject} 15. fxe4 a4 $11) 15... c5 16. Be2 (16. a4 $16) 16... Nc7 (16... a4 $1 $14) 17. Kf2 (17. a4 $16) 17... Kh8 (17... a4 $14) 18. a4 Na6 19. Kg2 Rg8 (19... Nb4 $16) 20. Nf1 Nb6 (20... Bxc3 {was necessary.} 21. bxc3 Nb6) 21. Ng3 Bxc3 22. bxc3 Nb8 $2 {[%emt 0:06:56] [#]} (22... Qf8 23. Kh2 Nd7) 23. Bd4+ $1 $18 Rg7 (23... cxd4 24. Qxd4+) 24. Nh5 cxd4 25. Qxd4 Qc7 26. Nxg7 (26. Qxg7+ Qxg7 27. Nxg7 Kxg7 $11) 26... Qxg7 27. Qxb6 Qe7 {[%emt 0:00:31] [#]} 28. c5 $1 dxc5 29. d6 Qd7 30. Bb5 Qe6 31. Qxc5 Nd7 32. Qd4+ Kg8 33. Bc4 Qxc4 34. Qxc4+ {[%emt 0:00:06] Weighted Error Value: White=0.31/Black=0.83.  Mistake:       	White=2     	Black=6      Inaccurate:     	---       	Black=3      OK:         	White=5     	Black=3      Strong:       	White=2     	---        Brilliant:      	White=1     	---} 1-0

[Event "Karel Janecek Open 2024"]
[Site "Prague"]
[Date "2024.02.28"]
[Round "1.16"]
[White "Kanakova, Natalie"]
[Black "Botez, Andrea"]
[Result "1-0"]
[ECO "E60"]
[WhiteElo "2169"]
[BlackElo "1709"]
[Annotator "RC"]
[PlyCount "85"]
[EventDate "2024.02.22"]
[EventType "swiss"]
[EventCountry "CZE"]
[SourceTitle "playchess.com"]
[Source "ChessBase"]
[SourceQuality "1"]
[TimeControl "40/5400+30:1800+30"]

1. Nf3 Nf6 2. c4 g6 3. b3 Bg7 4. Bb2 d6 5. d4 O-O 6. g3 Nc6 7. d5 Nb8 8. Bg2 a5 9. O-O Na6 10. Nc3 Bd7 11. a3 Ne4 12. Qc2 Bf5 13. g4 Nxf2 14. gxf5 Ng4 15. Nd1 c6 16. Bxg7 Kxg7 17. h3 Qb6+ 18. e3 Nf6 19. dxc6 bxc6 20. Nd4 Rac8 21. Nf2 Nc5 22. Ng4 Nxg4 23. hxg4 Nd7 24. g5 d5 25. Qc3 Kg8 26. Rad1 Rfe8 27. Qd2 Qc5 28. Qf2 Ne5 29. Qf4 dxc4 30. bxc4 Rf8 31. Nb3 Qxc4 32. Qxe5 Qxb3 33. fxg6 hxg6 34. Rd4 f6 35. gxf6 exf6 36. Qg3 Kg7 37. Be4 Qf7 38. Bxg6 Qc7 39. Qg4 Rcd8 40. Be8+ Kh8 41. Qh3+ Qh7 42. Qxh7+ Kxh7 43. Rxd8 1-0

[Event "Karel Janecek Open 2024"]
[Site "Prague"]
[Date "2024.02.28"]
[Round "1.17"]
[White "Toniolo, Samuel"]
[Black "Barbosa, Evandro Amorim"]
[Result "0-1"]
[ECO "B68"]
[WhiteElo "2030"]
[BlackElo "2491"]
[Annotator "TA"]
[PlyCount "94"]
[EventDate "2024.02.22"]
[EventType "swiss"]
[EventCountry "CZE"]
[SourceTitle "playchess.com"]
[Source "ChessBase"]
[SourceQuality "1"]
[TimeControl "40/5400+30:1800+30"]

1. e4 c5 2. Nf3 d6 3. d4 cxd4 4. Nxd4 Nf6 5. Nc3 Nc6 6. Bg5 Bd7 7. Qd2 a6 8. O-O-O e6 9. f4 Be7 10. Kb1 h6 11. Bh4 b5 12. a3 Rb8 {[%emt 0:02:26] The position is equal.} 13. Nf3 b4 14. axb4 Nxb4 15. Bc4 Bc6 16. Rhe1 Qb6 (16... O-O $5) 17. Bb3 {[%emt 0:04:59] [#]} (17. e5 $11 dxe5 18. Nxe5) 17... Nxc2 $1 $17 18. Qxc2 {[%emt 0:04:30] Nd4 is the strong threat.} Qxb3 19. Qxb3 Rxb3 20. Nd4 Rb6 (20... Rxc3 $17 21. Bxf6 Rc4 22. Nxc6 (22. Bxg7 Rg8 $17) 22... Rxc6 (22... gxf6 23. Rc1 $15)) 21. Bf2 $1 $11 Nd7 22. Nd5 exd5 23. exd5 Ba4 24. Rc1 Kd8 {[%emt 0:16:46] [#] Dodges Rc8+. White must now prevent ...Nc5.} (24... O-O {simplifies} 25. Rxe7 Rfb8 26. Re2 Bb5) 25. Nc6+ Bxc6 26. Bxb6+ Nxb6 27. Rxc6 Nxd5 28. Rxa6 Re8 (28... Nxf4 $2 {too greedy.} 29. Ra8+ Kd7 30. Rxh8 $18) 29. Ra8+ {[%emt 0:03:56] Black continues to play with concentration.} ({Better is} 29. Ra7 $1 $15) 29... Kd7 $17 30. Rxe8 Kxe8 31. g3 Kd7 32. Kc2 Bd8 33. Kd3 Bb6 34. Ke4 Nb4 35. g4 (35. Kf3 $17 {was necessary.}) 35... d5+ $19 36. Kf3 Kd6 37. h4 Bd4 38. Re2 Nc6 39. h5 Bf6 {[%emt 0:00:23] Strongly threatening ...Nd4+.} 40. Rg2 Nd4+ 41. Ke3 Ne6 42. Kf3 Kc5 43. Rd2 Kc4 44. b3+ Kc5 $1 ({Not} 44... Kxb3 45. Rxd5 Bc3 46. Rd7 $11) 45. Ra2 Bd8 ({Less strong is} 45... Nd4+ 46. Ke3 $19) 46. Ra7 Bc7 47. Rb7 $2 (47. f5 Nd4+ 48. Kf2) 47... Bxf4 $2 {[%emt 0:00:00] Weighted Error Value: White=0.35/Black=0.12 (very precise) .  Mistake:       	White=4     	Black=2      Inaccurate:     	White=4     	---        OK:         	White=10    	Black=15     Best:        	White=5     	Black=4      Strong:       	White=1     	Black=1      Brilliant:      	---       	Black=1} (47... Nd4+ 48. Kf2 Nb5 (48... Bxf4 $2 49. Rxf7 Be5 50. Rb7 $19)) 0-1

[Event "Karel Janecek Open 2024"]
[Site "Prague"]
[Date "2024.02.28"]
[Round "1.18"]
[White "Hurtak, Otto"]
[Black "Stoyanov, Tsvetan"]
[Result "0-1"]
[ECO "A22"]
[WhiteElo "1958"]
[BlackElo "2465"]
[Annotator "TA"]
[PlyCount "100"]
[EventDate "2024.02.22"]
[EventType "swiss"]
[EventCountry "CZE"]
[SourceTitle "playchess.com"]
[Source "ChessBase"]
[SourceQuality "1"]
[TimeControl "40/5400+30:1800+30"]

1. c4 e5 2. Nc3 Bb4 3. g3 Nf6 4. e4 O-O 5. Nge2 b5 6. cxb5 a6 7. Bg2 axb5 8. O-O {[%emt 0:01:43] The position is equal.} Bb7 9. d4 exd4 10. Nd5 Nxd5 11. exd5 Bc5 12. Nxd4 Qf6 13. Be3 Na6 14. Rc1 b4 15. Qd2 Rfe8 16. Nb3 Bxe3 17. fxe3 Qb6 18. Rfe1 Re5 19. Kh1 Rae8 20. e4 c6 21. Nd4 $2 (21. h4 $11 {and White is okay.}) 21... h6 $2 (21... cxd5 $19 22. Nf3 Rxe4) 22. dxc6 $11 dxc6 {[%emt 0:00:18] Threatening ...Nc5.} (22... Bxc6 {simplifies} 23. Nxc6 dxc6 24. Qe3 Qa5) 23. Nf5 {[%emt 0:01:27] And now Nd6 would win.} c5 24. Qd6 Qa5 (24... Bc6 $15 25. Nd4 Nb8) 25. Rf1 (25. Qd2 $11 Qb6 (25... Qxa2 26. Nd6 $11) (25... Bxe4 26. Rxe4 Rxe4 27. Bxe4 $11) 26. Nd6) 25... Qxa2 $17 (25... Bxe4 $2 26. Bxe4 Rxe4 27. Nxg7 $18) 26. Rcd1 R5e6 (26... Qxb2 $2 27. Nxg7 $18) ({Black should play} 26... Bxe4 $17 27. Bxe4 Rxe4) 27. Qf4 $11 {[%emt 0:02:44][%cal Of5g7] Black must now prevent Nxg7!} Bxe4 28. Nxh6+ Rxh6 29. Bxe4 {[%emt 0:00:24] aiming for Bd5.} Rf6 $1 $36 {[%emt 0:01:58][%mdl 2048] Black is pushing.} (29... Qxb2 30. Qxf7+ Kh8 31. Qxe8#) 30. Bd5 (30. Qh4 $1 $11 {remains equal.} Rxf1+ (30... Qxb2 31. Qh7+ Kf8 32. Qh8+ Ke7 33. Qh5 $18) 31. Rxf1) 30... Rxf4 $17 ({Much weaker is} 30... Qxb2 $6 31. Qc4 Qe2 32. Bxf7+ Kf8 33. Qxe2 Rxe2 34. Bc4 $14) 31. Bxa2 Rxf1+ 32. Rxf1 {[%emt 0:00:02][%mdl 4096] Endgame. KRB-KRN} Re7 33. Rf5 Rc7 $1 34. Bc4 Nb8 35. Kg2 g6 36. Rd5 Nd7 {[%emt 0:00:19] Threatens to win with ...Nb6.} 37. Kf3 $2 (37. Bb5 $17 Nb6 38. Rd8+ Kg7 39. b3) 37... Kg7 (37... Nb6 $1 $19 {[%cal Rb6c4] is more deadly.} 38. Rd8+ Kg7) 38. Bb5 Nf6 39. Rd6 {[%emt 0:00:51] [#]} c4 $1 40. Rc6 (40. Ba4 $17) 40... Rxc6 $19 41. Bxc6 {[%emt 0:30:03] KB-KN} b3 {[%emt 0:04:51][%cal Oc4c3] ( -> ...c3!)} 42. Bb5 {[%emt 0:00:00] [#]} c3 $1 43. bxc3 {[%emt 0:00:00] [#]} Nd5 $1 44. Bd3 Nxc3 {[%emt 0:00:15] Black mates.} 45. h4 b2 46. g4 b1=Q 47. Bxb1 Nxb1 48. Kf4 Kf6 49. h5 gxh5 50. gxh5 Nc3 {[%emt 0:00:04] Weighted Error Value: White=0.48/Black=0.16 (very precise) .  Loses game:     	White=1     	---        Mistake:       	White=4     	Black=4      Inaccurate:     	White=5     	Black=1      OK:         	White=9     	Black=15     Best:        	White=4     	Black=4      Strong:       	---       	Black=3} 0-1

[Event "Karel Janecek Open 2024"]
[Site "Prague"]
[Date "2024.02.28"]
[Round "1.19"]
[White "Simacek, Pavel"]
[Black "Bigabylov, Zhuban"]
[Result "1-0"]
[ECO "B30"]
[WhiteElo "2456"]
[BlackElo "1972"]
[Annotator "TA"]
[PlyCount "49"]
[EventDate "2024.02.22"]
[EventType "swiss"]
[EventCountry "CZE"]
[SourceTitle "playchess.com"]
[Source "ChessBase"]
[SourceQuality "1"]
[TimeControl "40/5400+30:1800+30"]

1. e4 c5 2. Nf3 Nc6 3. Nc3 Nf6 4. Bb5 a6 5. Bxc6 dxc6 6. e5 Nd5 7. Ne4 Bf5 8. Nxc5 {[%emt 0:05:38][%cal Oe1g1] White is slightly better.} Nb4 9. d3 {[%emt 0:01:08] Black must now prevent e6.} (9. Nxb7 Qb6 (9... Nxc2+ 10. Qxc2 Bxc2 11. Nxd8 $14) 10. d3 Qxb7 $17) 9... Qd5 (9... Qa5 10. Nb3 Qc7 (10... Nxd3+ $2 11. Kf1 $18) (10... Nxc2+ $2 11. Ke2 $18) 11. a3 $16) (9... e6 $14 10. Nxb7 Qb6) 10. Be3 $16 (10. Nxb7 $6 Rb8 $11) 10... b6 11. Nb3 {[%emt 0:05:27] Excellent horsemanship.} (11. Na4 $142 {Hoping for a3.} Qa5 12. Nc3 (12. Nxb6 $2 Nxc2+ 13. Kf1 Nxe3+ 14. fxe3 Qxb6 $19)) 11... c5 12. O-O g5 13. Nxg5 f6 14. exf6 exf6 {[%emt 0:01:33] [#]} 15. Ne4 O-O-O (15... Bxe4 $16 {might work better.} 16. dxe4 Qxd1 17. Raxd1 Nxc2) 16. Nbd2 $18 (16. Nxf6 $6 Qf7) 16... Rg8 17. f3 {[%emt 0:03:56] aiming for a3.} (17. Nxf6 $2 Qxg2#) 17... Rg6 (17... Qc6 $16 18. Kh1 Bg6) 18. a3 Nc6 19. b4 {[%emt 0:00:46] Threatens to win with bxc5.} Bh6 (19... Bh3 {is a better defense.}) 20. Bxh6 Rxh6 21. bxc5 bxc5 $2 (21... Bxe4 22. fxe4 (22. Nxe4 f5 $18) 22... Qxc5+ 23. Kh1 Kb7) 22. Nc4 {[%emt 0:01:55] [#] Strongly threatening Nb6+. White is clearly winning.} Qd4+ 23. Kh1 Be6 24. c3 Qxd3 25. Ncd6+ {[%emt 0:00:10] Weighted Error Value: White=0.19 (very precise) /Black=0.76.  Mistake:       	White=2     	Black=6      Inaccurate:     	White=2     	Black=1      OK:         	White=11    	Black=4      Best:        	White=2     	Black=1} (25. Nxc5 Qxc4 26. Qe1 Bh3 (26... Qxc5 27. Qxe6+ Kc7 28. Rad1 $17) 27. Nxa6 Bxg2+ (27... Qxa6 $2 28. gxh3 Qc4 29. Qf2 $19) 28. Kxg2 Rg8+ $19 (28... Qxa6 $2 29. Qe6+ Kc7 30. Rfd1 $19) (28... Qxa6 $2 29. Qe6+ Kc7 30. Rfd1 $19)) 1-0

[Event "Karel Janecek Open 2024"]
[Site "Prague"]
[Date "2024.02.29"]
[Round "2.1"]
[White "Lever, Erwan"]
[Black "Safarli, Eltaj"]
[Result "0-1"]
[ECO "D85"]
[WhiteElo "2199"]
[BlackElo "2604"]
[Annotator "TA"]
[PlyCount "54"]
[EventDate "2024.02.22"]
[EventType "swiss"]
[EventCountry "CZE"]
[SourceTitle "playchess.com"]
[Source "ChessBase"]
[SourceQuality "1"]
[TimeControl "40/5400+30:1800+30"]

1. d4 Nf6 2. c4 g6 3. Nc3 d5 4. cxd5 Nxd5 5. e4 Nxc3 6. bxc3 Bg7 7. Nf3 O-O 8. h3 c5 9. Be2 Nd7 10. O-O Nf6 11. Qd3 (11. dxc5 $2 Nxe4 12. Bb2 Nxc5 $17 (12... Nxc3 13. Qe1 $15)) 11... b6 {[%emt 0:00:34] White has an edge.} 12. d5 e6 13. d6 Bb7 14. e5 {[%emt 0:09:01] Hoping for Bg5.} Nd7 15. Bf4 $1 f6 16. Qe3 $36 {[%emt 0:03:52][%mdl 2048] Black is under pressure.} fxe5 17. Bg5 (17. Nxe5 $2 Rxf4 18. Nxg6 (18. Nxd7 $2 Re4 $19) 18... hxg6 $19) 17... Nf6 18. Rad1 {[%emt 0:04:29] Against Nd5} (18. Nxe5 Nd5 19. Bxd8 Nxe3 20. fxe3 Raxd8 21. Rxf8+ Rxf8 $19) (18. Qxe5 Qd7 19. Bc4 Rae8 $17 (19... Nd5 20. Qg3 $17)) 18... h6 $1 19. Bxh6 Nd5 20. Qd2 {[%emt 0:01:05] And now Bg5 would win.} Qd7 {[%emt 0:14:45] [#]} ({Black should play} 20... Rf5 $14 21. Bd3 Rxf3) 21. Bxg7 $1 $18 Qxg7 22. Ng5 Nf4 (22... Qf6 $142) 23. Bg4 $2 ({White must play} 23. g3 $18 Nxe2+ 24. Qxe2) 23... Qf6 $15 24. h4 Bxg2 {[%emt 0:02:07][%cal Of6h8] White must now prevent ...Qh8!} 25. Bxe6+ $2 {[%emt 0:06:54][%mdl 8192] [#]} Kg7 $1 $19 {[%emt 0:00:50][%cal Of8h8] Threatens to win with ...Rh8!} 26. Rfe1 (26. Bc4 $142 Rh8 27. Qxf4 exf4 (27... Qxf4 28. Ne6+ Kh6 29. Nxf4 $15) 28. Ne6+ Kh6 (28... Qxe6 29. Bxe6 f3 30. Kh2 $19) 29. Kxg2) 26... Rh8 {[%emt 0:00:53][%cal Of6g5] ( -> ...Qxg5!)} 27. Bc4 {[%emt 0:06:16] [#]} Qxg5 $3 {[%emt 0:00:33][%mdl 512] Weighted Error Value: White=1.13/Black=0.19 (very precise) .  Loses game:     	White=1     	---        Missed win:     	White=1     	---        Mistake:       	White=1     	Black=2      Inaccurate:     	White=4     	Black=2      OK:         	White=7     	Black=5      Best:        	White=1     	Black=3      Strong:       	White=2     	Black=2} 0-1